 Dungeon Crawl Stone Soup version 0.28.0-49-g6dfe1f597d (webtiles) character file.

Game seed: 17874016109696780693

1387 Zeld the Chiller (level 8, -4/69 HPs)
             Began as a Ghoul Ice Elementalist on May 12, 2022.
             Was an Initiate of Vehumet.
             Slain by a killer bee zombie (6 damage)
             ... on level 6 of the Dungeon.
             The game lasted 00:10:38 (10108 turns).

Zeld the Chiller (Ghoul Ice Elementalist)          Turns: 10108, Time: 00:10:39

Health: -4/69      AC:  4    Str: 12    XL:     8   Next: 67%
Magic:  13/13      EV: 12    Int: 12    God:    Vehumet [......]
Gold:   239        SH:  5    Dex:  9    Spells: 5/16 levels left

rFire   . . .      SeeInvis .   u - +3 quarterstaff (chaos)
rCold   + . .      Faith    .   (shield currently unavailable)
rNeg    + + +      Spirit   .   a - +0 robe
rPois   ∞          Reflect  +   (no helmet)
rElec   .          Harm     .   v - +0 cloak
rCorr   .          Rampage  .   e - +0 pair of gloves
Will    .....                   (no boots)
Stlth   ++........              h - amulet of reflection
HPRegen 0.00/turn               (no ring)
MPRegen 0.13/turn               (no ring)

@: inhibited regen
A: claws 1, cold resistance 1, negative energy resistance 3, inhibited
regeneration, torment resistance 2
a: Renounce Religion


You were on level 6 of the Dungeon.
You worshipped Vehumet.
Vehumet was noncommittal.
You visited 2 branches of the dungeon, and saw 7 of its levels.

You collected 239 gold pieces.

Inventory:

Hand Weapons
 u - a +3 quarterstaff of chaos (weapon)
Armour
 a - a +0 robe (worn)
 e - a +0 pair of gloves (worn)
 v - a +0 cloak (worn)
Jewellery
 h - an amulet of reflection (around neck)
Wands
 r - a wand of paralysis (3)
 s - a wand of iceblast (8)
Scrolls
 b - 2 scrolls of noise {unknown}
 f - a scroll of holy word {unknown}
 g - a scroll of summoning {unknown}
 i - a scroll of acquirement {unknown}
 k - 4 scrolls of identify {unknown}
 l - 3 scrolls of immolation {unknown}
 n - a scroll of magic mapping {unknown}
 p - 2 scrolls of teleportation {unknown}
 q - a scroll of amnesia {unknown}
Potions
 c - a potion of invisibility {unknown}
 d - 2 potions of attraction {unknown}
 j - 2 potions of lignification {unknown}
 m - a potion of curing {unknown}
 o - a potion of degeneration {unknown}
 t - 2 potions of resistance {unknown}


   Skills:
 * Level 5.5 Fighting
 + Level 3.7 Dodging
 + Level 4.5 Stealth
 * Level 4.5 Spellcasting
 * Level 7.2 Ice Magic


You had 5 spell levels left.
You knew the following spells:

 Your Spells              Type           Power      Damage    Failure   Level
a - Freeze                Ice            80%        1d9       1%          1
b - Frozen Ramparts       Ice            40%        1d6       3%          3
c - Ozocubu's Armour      Ice            20%        N/A       3%          3
d - Hailstorm             Conj/Ice       11%        3d5       43%         4

Your spell library contained the following spells:

 Spells                   Type           Power      Damage    Failure   Level
 Confusing Touch          Hex            2%         N/A       54%         3
 Yara's Violent Unravell  Hex/Tmut       1%         3d3       99%         5
 Enfeeble                 Hex            1%         N/A       100%        7


Dungeon Overview and Level Annotations

Branches:
Dungeon (6/15)             Temple (1/1) D:5

Altars:
Ashenzari
Cheibriados
Dithmenos
Elyvilon
Fedhas
Gozag
Hepliaklqana
Kikubaaqudgha
Makhleb
Nemelex Xobeh
Okawaru
Qazlal
Ru
Sif Muna
Trog
Uskayaw
Vehumet
Wu Jian
Xom
Yredelemnul
Zin
The Shining One

Annotations:
D:5 exclusion: zombie, Menkaure


Innate Abilities, Weirdness & Mutations

You thrive by killing the living.
You are immune to poison.
You have sharp fingernails.
Your flesh is cold resistant. (rC+)
You are immune to negative energy. (rN+++)
You do not regenerate when monsters are visible.
You are immune to unholy pain and torment.


Message History

The killer bee zombie closely misses you.
You closely miss the killer bee zombie.
You block the killer bee zombie's attack.
The killer bee zombie hits you.
You hit the killer bee zombie.
The killer bee zombie is lightly damaged.
The killer bee zombie hits you. x2
You miss the killer bee zombie.
The killer bee zombie is lightly damaged.
The killer bee zombie hits you.
You block the killer bee zombie's attack.
The killer bee zombie hits you.
You sock the killer bee zombie!
The killer bee zombie is heavily damaged.
The killer bee zombie closely misses you. x2
You hit the killer bee zombie.
The killer bee zombie flickers and vanishes!
Deactivating autopickup; reactivate with Ctrl-A.
Something hits you. x2
No target in view!
No target in view!
You closely miss something. Something hits you. x2
Something hits you but does no damage.
You barely miss something. Something barely misses you.
You block something's attack.
You miss something. Something hits you! Something hits you. x2
You miss something. Something hits you!
* * * LOW HITPOINT WARNING * * *
Something hits you but does no damage.
You barely miss something. Something barely misses you. Something hits you.
* * * LOW HITPOINT WARNING * * *
Something hits you.
* * * LOW HITPOINT WARNING * * *
Something hits you.
* * * LOW HITPOINT WARNING * * *
Something hits you.
* * * LOW HITPOINT WARNING * * *
There is a stone staircase leading up here.
Something hits you.
You die...

####.######
#$........# ..
#........(##.#
#.........#..#
#>./........#
#.....$...#
#...!.....#
#...>.{...#
#......@..#
###########


There were no monsters in sight!

Vanquished Creatures
  Sigmund (D:4)
  3 yaks
  A sky beast (D:3)
  2 necrophages
  A bullfrog zombie (D:5)
  An orc priest (D:2)
  Crazy Yiuf (D:3)
  A centaur zombie (D:5)
  A hound (D:3)
  Jessica (D:2)
  2 iguanas (D:4)
  Natasha (thrice) (D:2)
  An orc wizard (D:5)
  7 gnolls
  5 adders
  A worm (D:3)
  5 dart slugs
  10 orcs
  6 ball pythons
  3 endoplasms
  6 giant cockroaches
  5 goblins
  8 hobgoblins
  4 jackals (D:2)
  8 kobolds
  3 quokkas
  5 bats
  3 frilled lizards
  9 rats
107 creatures vanquished.

Vanquished Creatures (others)
  4 toadstools (D:1)
4 creatures vanquished.

Grand Total: 111 creatures vanquished

Notes
Turn   | Place    | Note
-------+----------+-------------------------------------------
     0 | D:1      | Zeld the Ghoul Ice Elementalist began the quest for the
                  | Orb.
     0 | D:1      | Reached XP level 1. HP: 14/14 MP: 2/2
    27 | D:1      | Found a faded altar of an unknown god.
   329 | D:1      | Reached XP level 2. HP: 22/22 MP: 1/3
   713 | D:1      | Reached skill level 1 in Fighting
  1140 | D:2      | Reached XP level 3. HP: 26/28 MP: 2/5
  1575 | D:1      | Learned a level 3 spell: Frozen Ramparts
  2163 | D:2      | Reached XP level 4. HP: 14/36 MP: 0/6
  2398 | D:2      | Reached skill level 5 in Ice Magic
  2446 | D:2      | Noticed Jessica
  2452 | D:2      | Killed Jessica
  2469 | D:2      | Reached XP level 5. HP: 41/41 MP: 1/7
  2614 | D:2      | Learned a level 3 spell: Ozocubu's Armour
  3006 | D:3      | Found a runed translucent door.
  3007 | D:3      | Noticed Crazy Yiuf
  3474 | D:3      | Noticed a sky beast
  3577 | D:3      | Killed a sky beast
  3578 | D:3      | Reached XP level 6. HP: 37/51 MP: 1/9
  3586 | D:2      | Learned a level 4 spell: Hailstorm
  3663 | D:3      | Noticed Natasha
  3678 | D:2      | Killed Natasha
  4031 | D:2      | Noticed Natasha
  4058 | D:2      | Killed Natasha
  4225 | D:2      | Noticed Natasha
  4231 | D:2      | Killed Natasha
  5161 | D:4      | Noticed Sigmund
  5215 | D:4      | Found a burning altar of Makhleb.
  5234 | D:4      | Noticed a necrophage
  5731 | D:4      | Reached XP level 7. HP: 17/58 MP: 3/10
  5960 | D:4      | Noticed a yak
  5961 | D:4      | Noticed a yak
  5962 | D:4      | Noticed a yak
  6511 | D:3      | Killed a yak
  6512 | D:3      | Reached skill level 6 in Ice Magic
  6691 | D:3      | HP: 2/59 [yak (9)]
  6695 | D:3      | Killed a yak
  7070 | D:4      | Killed a yak
  7071 | D:4      | Reached XP level 8. HP: 55/67 MP: 2/13
  7494 | D:5      | Entered Level 5 of the Dungeon
  8201 | D:5      | Reached skill level 5 in Fighting
  8547 | D:5      | Noticed Menkaure
  8571 | D:5      | Found a staircase to the Ecumenical Temple.
  8583 | Temple   | Entered the Ecumenical Temple
  8612 | Temple   | Became a worshipper of Vehumet
  8980 | D:3      | Killed Crazy Yiuf
  9121 | D:3      | Reached skill level 7 in Ice Magic
  9465 | D:4      | Found a burning altar of Makhleb.
  9584 | D:4      | Killed Sigmund
 10107 | D:6      | HP: 2/69 [something (5)]
 10108 | D:6      | Slain by a killer bee zombie

Illustrated notes

Levels and vault maps discovered:
D:1:      ldierk_walled_garden_2, layout_loops_cross,
          ebering_ecumenical_altar_mist, corner_web_ring
D:2:      cheibrodos_pilgrimage, layout_basic, uniq_jessica
D:3:      layout_rooms, uniq_natasha, uniq_crazy_yiuf_cottage
D:4:      layout_basic, kennysheep_flooded_box, uniq_sigmund
D:5:      layout_loops_cross, minmay_temple_entry_statues_pillars, uniq_menkaure
D:6:      minmay_clustersquares, layout_rooms, cheibrodos_sewer_entry_drain
Temple:   nicolae_temple_the_god_donut

Skill      XL: |  1  2  3  4  5  6  7  8 |
---------------+-------------------------+-----
Spellcasting   | 2 3 4 |  4.5
Fighting       | 1 2 3 4 5 |  5.5
Dodging        | 2 3 |  3.7
Ice Magic      | 5 6 7 |  7.2
Stealth        | 3 4 |  4.5

Action                   |  1- 3 |  4- 6 |  7- 9 || total
-------------------------+-------+-------+-------++-------
Melee: Unarmed           |    27 |    52 |    64 ||   143
       Quarterstaff      |       |       |    26 ||    26
       Punch             |       |       |     1 ||     1
 Cast: Freeze            |    43 |    76 |    64 ||   183
       Frozen Ramparts   |     1 |     7 |    11 ||    19
       Hailstorm         |       |       |     1 ||     1
 Stab: Sleeping          |       |     1 |       ||     1
       Distracted        |       |       |     1 ||     1
Armor: Robe              |    20 |    15 |    34 ||    69
Dodge: Dodged            |    44 |    56 |    90 ||   190
Block: Other             |    14 |    31 |    26 ||    71
       Reflection        |     1 |     3 |       ||     4
